AoeStats
← mr. bourne.

Fortress

509843146Analyzed
4v4 RM · 2d ago on Sep 28, 2026· 72m 2s· 8 players
Game mode
Random Map
Map size
Huge
Population
200
Speed
Normal
Resources
Standard
Victory
Conquest
Starting age
Dark Age
Ending age
Imperial Age
RankedLock teamsTeams togetherTeam positionsShared explorationLock speedFull tech treeHidden civsTurbo modeCheats
Victory
Defeat
🇹🇼 Lithuanians · Taiwan
1320
+15
🇹🇼 Varangians · Taiwan
1302
+16
🇳🇿 Celts · New Zealand
1285
+16
🇺🇸 Turks · United States
1285
+16
🇸🇪 Wu · Sweden
1328
-17
🇬🇷 Japanese · Greece
1322
-17
🇩🇪 Bohemians · Germany
1279
-15
🇸🇪 Huns · Sweden
1241
-14
virttuallG
6:42 Feudal Age
7:40 Loom
11:09 Castle Age
9:35 Horse Collar
9:48 Double-Bit Axe
12:32 Bow Saw
17:03 Husbandry
18:45 Bloodlines
22:21 Scale Barding Armor
24:25 Fletching
25:30 Bodkin Arrow
27:48 Wheelbarrow
27:26 Fortified Wall
29:50 Gold Mining
31:13 Chain Barding Armor
34:08 Imperial Age
31:55 Hand Cart
32:04 Forging
34:22 Iron Casting
33:47 Padded Archer Armor
35:28 Plate Barding Armor
36:14 Blast Furnace
35:09 Cavalier
36:26 Bracer
36:31 Town Watch
38:05 Parthian Tactics
37:59 Leather Archer Armor
37:36 Heavy Cavalry Archer
38:58 Thumb Ring
40:35 Ballistics
46:07 Heavy Camel Rider
49:36 Ring Archer Armor
49:19 Masonry
50:17 Two-Man Saw
51:50 Conscription
54:39 Architecture
54:34 Bombard Tower
Ting
7:47 Feudal Age
11:35 Castle Age
10:02 Horse Collar
12:16 Double-Bit Axe
12:33 Heavy Plow
17:48 Wheelbarrow
17:43 Town Watch
25:07 Imperial Age
23:19 Hand Cart
23:04 Town Patrol
23:24 Vendel Legacy
24:20 Scale Barding Armor
24:25 Forging
24:52 Husbandry
25:03 Bloodlines
25:23 Chain Barding Armor
25:29 Cavalier
26:28 Gold Mining
26:28 Stone Mining
28:33 Iron Casting
28:38 Plate Barding Armor
28:40 Stone Shaft Mining
29:04 Town Patrol
32:37 Iron Casting
38:19 Caravan
39:14 Elite Varangian Guard
39:55 Squires
40:10 Gambesons
40:10 Arson
42:01 Scale Mail Armor
43:01 Blast Furnace
42:42 Pikeman
45:50 Chain Mail Armor
46:41 Light Cavalry
47:31 Hussar
48:10 Halberdier
50:35 Conscription
53:55 Plate Mail Armor
60:16 Loom
68:25 Fletching
68:35 Padded Archer Armor
mr. bourne.
4:33 Loom
6:26 Feudal Age
7:39 Loom
8:11 Loom
11:05 Castle Age
10:19 Double-Bit Axe
10:15 Horse Collar
12:28 Bow Saw
18:46 Wheelbarrow
20:40 Town Watch
24:09 Imperial Age
21:46 Gold Mining
23:30 Town Patrol
24:00 Hand Cart
23:48 Town Patrol
24:51 Heavy Plow
27:08 Chemistry
25:32 Onager
27:50 Scale Mail Armor
28:02 Forging
27:15 Pikeman
28:25 Conscription
28:40 Halberdier
28:59 Man-at-Arms
29:26 Gambesons
29:57 Chain Mail Armor
30:18 Iron Casting
29:34 Long Swordsman
30:40 Masonry
30:05 Two-Handed Swordsman
32:06 Plate Mail Armor
31:31 Fletching
31:55 Champion
33:07 Halberdier
34:52 Furor Celtica
37:11 Siege Onager
39:22 Gold Shaft Mining
40:12 Blast Furnace
39:02 Heavy Scorpion
39:48 Caravan
40:35 Siege Engineers
40:52 Ballistics
40:31 Bodkin Arrow
40:37 Padded Archer Armor
40:05 Elite Skirmisher
44:58 Leather Archer Armor
47:06 Ring Archer Armor
yenyang
8:26 Feudal Age
12:05 Castle Age
10:09 Horse Collar
10:49 Double-Bit Axe
12:52 Heavy Plow
13:37 Bow Saw
17:16 Stone Mining
18:36 Gold Mining
19:48 Wheelbarrow
21:16 Hand Cart
25:49 Imperial Age
24:41 Scale Barding Armor
24:48 Bloodlines
25:59 Chain Barding Armor
25:50 Forging
26:56 Conscription
27:40 Two-Man Saw
27:11 Crop Rotation
26:57 Guilds
27:17 Husbandry
28:36 Plate Barding Armor
28:17 Elite Leitis
29:36 Iron Casting
28:57 Town Watch
30:10 Fletching
31:00 Bodkin Arrow
30:56 Light Cavalry
32:20 Padded Archer Armor
32:21 Scale Mail Armor
33:58 Bracer
34:13 Leather Archer Armor
34:14 Chain Mail Armor
33:21 Winged Hussar
36:25 Ring Archer Armor
36:17 Ballistics
36:59 Chemistry
37:52 Elite Skirmisher
38:37 Thumb Ring
39:16 Tower Shields
39:30 Masonry
40:00 Pikeman
40:01 Man-at-Arms
40:41 Squires
40:54 Capped Ram
41:06 Long Swordsman
41:56 Two-Handed Swordsman
41:58 Halberdier
42:28 Arson
42:50 Champion
52:24 Loom
The Outpost Man
9:00 Feudal Age
10:13 Double-Bit Axe
10:23 Gold Mining
13:33 Castle Age
13:46 Wheelbarrow
12:57 Loom
13:37 Horse Collar
14:40 Heavy Plow
14:53 Bow Saw
16:18 Hand Cart
22:40 Husbandry
23:45 Bloodlines
24:33 Forging
24:29 Scale Barding Armor
24:58 Caravan
26:09 Marauders
28:41 Imperial Age
28:05 Iron Casting
28:50 Chain Barding Armor
28:45 Elite Tarkan
30:27 Plate Barding Armor
30:25 Pikeman
31:05 Squires
30:52 Arson
32:09 Blast Furnace
31:10 Scale Mail Armor
31:48 Halberdier
33:17 Light Cavalry
34:24 Chain Mail Armor
34:37 Hussar
36:34 Conscription
39:20 Elite Skirmisher
40:05 Thumb Ring
39:52 Fletching
40:02 Padded Archer Armor
41:43 Bodkin Arrow
42:03 Leather Archer Armor
50:00 Ballistics
50:45 Chemistry
57:08 Bracer
Madeft
0:38 Loom
8:29 Feudal Age
9:44 Horse Collar
9:50 Double-Bit Axe
12:39 Castle Age
13:50 Wheelbarrow
18:57 Stone Mining
25:57 Imperial Age
24:59 Scale Mail Armor
25:09 Forging
25:27 Yasama
26:04 Bow Saw
26:15 Chain Mail Armor
27:06 Iron Casting
27:00 Conscription
26:30 Elite Samurai
27:58 Hand Cart
28:07 Gold Mining
29:19 Two-Man Saw
28:25 Heavy Plow
28:14 Pikeman
28:55 Squires
28:41 Arson
29:59 Kataparuto
29:27 Halberdier
31:05 Plate Mail Armor
32:44 Blast Furnace
36:20 Hoardings
36:21 Man-at-Arms
36:47 Gambesons
37:07 Long Swordsman
37:50 Padded Archer Armor
37:41 Fletching
39:31 Chemistry
38:43 Masonry
39:53 Two-Handed Swordsman
41:56 Ballistics
41:35 Champion
46:03 Light Cavalry
46:45 Husbandry
46:53 Scale Barding Armor
50:35 Bloodlines
50:23 Bodkin Arrow
50:44 Leather Archer Armor
55:10 Elite Skirmisher
Esta
8:12 Feudal Age
9:17 Double-Bit Axe
9:13 Horse Collar
12:11 Castle Age
13:24 Caravan
13:46 Bow Saw
14:34 Loom
16:41 Fervor
17:09 Wheelbarrow
21:18 Hand Cart
24:48 Imperial Age
21:45 Pikeman
22:38 Heavy Plow
22:45 Scale Mail Armor
23:59 Chain Mail Armor
23:55 Forging
23:36 Fletching
24:50 Chemistry
25:31 Ballistics
24:57 Halberdier
25:38 Squires
26:10 Plate Mail Armor
26:16 Iron Casting
25:53 Padded Archer Armor
27:39 Siege Engineers
27:45 Fortified Wall
27:35 Elite Skirmisher
28:12 Bodkin Arrow
29:33 Two-Man Saw
29:02 Masonry
30:04 Leather Archer Armor
30:50 Blast Furnace
31:19 Ring Archer Armor
32:04 Conscription
31:49 Wagenburg Tactics
35:43 Bracer
35:10 Houfnice
49:29 Onager
59:52 Town Watch
Tuktad
6:53 Feudal Age
11:52 Castle Age
9:56 Double-Bit Axe
10:08 Loom
11:15 Fletching
12:17 Padded Archer Armor
13:08 Bow Saw
13:21 Scale Mail Armor
14:23 Horse Collar
16:17 Bodkin Arrow
18:44 Town Watch
20:10 Wheelbarrow
21:12 Leather Archer Armor
21:31 Ballistics
21:27 Town Patrol
27:41 Imperial Age
26:09 Chain Mail Armor
27:20 Masonry
28:02 Hand Cart
28:51 Bracer
30:05 Conscription
31:00 Chemistry
31:15 Plate Mail Armor
30:34 Pikeman
31:15 Squires
32:07 Heavy Plow
32:26 Forging
33:57 Iron Casting
32:50 Halberdier
33:29 Treadmill Crane
38:02 Blast Furnace
38:22 Red Cliffs Tactics
40:25 Gold Mining
40:25 Stone Mining
40:49 Elite Fire Archer
43:13 Two-Man Saw
43:29 Caravan
45:28 Man-at-Arms
46:39 Long Swordsman
48:22 Guard Tower
48:57 Elite Skirmisher
50:28 Stone Shaft Mining
50:45 Two-Handed Swordsman
52:44 Architecture
54:04 Keep
Connection lost

Rejoining the realm…

Still unreachable

The connection could not be restored.

Session expired

The server has moved on; the page needs a fresh start.